Map: Apotheosis LE

Players

Fropez

  • Race: Protoss Protoss
  • League: Gold
  • Spawn Location: 11:00

LBD - Winner!

  • Race: Protoss Protoss
  • League: Gold
  • Spawn Location: 5:00

VOD

Have the link to the VOD?

Description

Time

  • Played on: July 12, 2016, 5:22 p.m.
  • Length: 17:25
Show
View Real Time Build Order
Export as new Build Order

Fropez Protoss 

Build Orders:  

Get SALT Encoding   

  12  0:01  Probe (Chrono Boost)  
  13  0:22  Probe (Chrono Boost)  
  13  0:23  Pylon  
  14  0:33  Probe (Chrono Boost)  
  15  0:42  Gateway  
  15  0:53  Gateway  
  15  0:57  Pylon  
  15  1:00  Probe (Chrono Boost)  
  16  1:10  Probe (Chrono Boost)  
  17  1:21  Probe (Chrono Boost)  
  18  1:29  Zealot (Chrono Boost)  
  20  1:34  Probe  
  21  1:40  Cybernetics Core  
  21  1:55  Nexus  
  21  1:57  Probe  
  22  2:07  Assimilator  
  22  2:09  Probe  
  22  2:12  Pylon  
  23  2:17  Assimilator  
  25  2:23  Zealot (Chrono Boost)  
  25  2:35  Zealot (Chrono Boost)  
  27  2:57  Warp Gate (Chrono Boost)  
  27  3:08  Probe  
  27  3:09  Probe  
  27  3:12  Robotics Facility  
  29  3:18  Probe  
  29  3:21  Probe  
  29  3:24  Pylon  
  31  3:28  Pylon  
  31  3:29  Probe  
  34  3:34  Mothership Core  
  34  3:40  Probe  
  34  3:43  Assimilator  
  35  3:48  Forge  
  35  3:50  Probe  
  36  3:58  Immortal  
  40  4:05  Probe  
  40  4:09  Assimilator  
  41  4:10  Probe  
  42  4:17  Probe  
  43  4:28  Nexus  
  43  4:29  Probe  
  45  4:42  Pylon  
  45  4:43  Immortal  
  47  4:56  Protoss Ground Weapons Level 1 (Chrono Boost)  
  46  5:22  Observer  
  46  5:27  Photon Cannon  
  47  5:32  Pylon x2  
  47  5:37  Pylon  
  47  5:42  Photon Cannon  
  47  5:43  Immortal (Chrono Boost)  
  47  5:46  Probe  
  47  5:47  Probe  
  47  5:48  Probe  
  54  5:59  Gateway x2  
  54  6:01  Gateway  
  54  6:06  Pylon  
  54  6:09  Pylon  
  54  6:10  Sentry x2  
  58  6:16  Probe  
  58  6:17  Probe  
  60  6:18  Probe  
  60  6:21  Immortal (Chrono Boost)  
  65  6:30  Photon Cannon  
  65  6:33  Photon Cannon  
  65  6:34  Probe  
  65  6:38  Probe  
  67  6:42  Sentry x2  
  71  6:49  Assimilator  
  71  6:51  Assimilator  
  71  6:56  Observer (Chrono Boost)  
  72  7:06  Probe  
  72  7:08  Twilight Council, Probe  
  74  7:09  Probe  
  75  7:17  Probe, Protoss Ground Armor Level 1  
  76  7:22  Sentry  
  76  7:24  Sentry x4  
  76  7:25  Probe  
  76  7:29  Probe  
  88  7:36  Probe  
  88  7:37  Probe  
  88  7:38  Stargate  
  88  7:39  Stargate  
  90  7:47  Probe  
  91  7:58  Blink  
  91  8:04  Stalker x4  
  99  8:06  Probe, Stalker  
  99  8:07  Probe  
  99  8:08  Probe  
  104  8:16  Probe  
  105  8:33  Pylon  
  105  8:37  Pylon, Probe  
  105  8:38  Probe  
  105  8:40  Probe  
  108  8:42  Protoss Air Weapons Level 1  
  108  8:48  Phoenix  
  110  8:51  Pylon  
  110  8:52  Phoenix  
  112  8:59  Warp Prism (Chrono Boost)  
  114  9:04  Pylon  
  114  9:12  Pylon, Stalker x3  
  114  9:13  Stalker, Protoss Ground Weapons Level 2  
  122  9:22  Probe  
  122  9:24  Probe  
  124  9:27  Phoenix x2  
  128  9:35  Probe  
  128  9:36  Probe  
  130  9:39  Pylon  
  130  9:47  Stalker x2  
  130  9:48  Stalker x2  
  130  9:50  Stalker  
  140  9:54  Phoenix  
  140  9:57  Phoenix  
  144  10:16  Nexus  
  144  10:17  Pylon  
  144  10:19  Phoenix  
  144  10:20  Pylon  
  145  10:31  Stalker x2  
  145  10:32  Stalker  
  149  10:36  Protoss Air Armor Level 1  
  149  10:52  Photon Cannon  
  149  10:55  Photon Cannon  
  149  10:56  Probe  
  149  10:58  Probe, Photon Cannon  
  149  11:00  Phoenix, Photon Cannon  
  149  11:03  Phoenix  
  155  11:06  Pylon  
  155  11:09  Assimilator  
  155  11:13  Assimilator  
  155  11:25  Phoenix  
  157  11:28  Phoenix  
  144  11:47  Stalker x3  
  144  11:48  Stalker x2  
  152  11:59  Photon Cannon  
  152  12:00  Photon Cannon  
  152  12:01  Pylon x2  
  152  12:05  Photon Cannon  
  152  12:06  Mothership Core  
  154  12:12  Pylon  
  142  12:45  Stalker  
  142  12:46  Stalker  
  133  12:55  Phoenix  
  110  14:04  Gateway  
  110  14:05  Probe  
  110  14:06  Gateway  
  110  14:09  Probe  
  111  14:10  Gateway  
  111  14:13  Gateway  
  111  14:15  Gateway, Stalker  
  111  14:16  Probe, Stalker  
  116  14:17  Gateway  
  116  14:20  Gateway  
  117  14:26  Gateway  
  117  14:32  Gateway  
  117  14:34  Pylon  
  117  14:37  Pylon  
  117  14:38  Pylon  
  117  14:42  Pylon  
  117  14:45  Pylon  
  117  14:47  Pylon  
  116  15:02  Stalker  
  116  15:04  Stalker x2  
  122  15:12  Stalker  
  122  15:13  Stalker  
  116  15:27  Stalker x2  
  116  15:28  Stalker x3  
  126  15:39  Probe x2  
  128  15:50  Probe x2  
  130  16:00  Probe x2  
  132  16:24  Nexus  
Show
View Real Time Build Order
Export as new Build Order

LBD Protoss - Winner!

Build Orders:  

Get SALT Encoding   

  12  0:21  Probe (Chrono Boost)  
  13  0:31  Probe (Chrono Boost)  
  13  0:34  Assimilator  
  14  0:42  Probe (Chrono Boost)  
  15  0:46  Pylon  
  16  1:04  Probe (Chrono Boost)  
  16  1:21  Pylon  
  16  1:41  Gateway  
  16  1:43  Assimilator  
  16  1:54  Forge  
  16  2:03  Nexus  
  16  2:04  Pylon  
  16  2:12  Probe (Chrono Boost)  
  17  2:23  Probe (Chrono Boost)  
  18  2:33  Probe (Chrono Boost)  
  19  2:41  Cybernetics Core  
  19  2:51  Assimilator  
  19  2:53  Probe (Chrono Boost)  
  20  3:01  Pylon  
  20  3:07  Probe (Chrono Boost)  
  21  3:18  Mothership Core (Chrono Boost)  
  23  3:27  Stargate  
  23  3:32  Probe (Chrono Boost)  
  24  3:38  Photon Cannon  
  24  3:42  Probe (Chrono Boost)  
  24  3:48  Warp Gate  
  25  3:49  Probe (Chrono Boost)  
  25  3:53  Probe (Chrono Boost)  
  27  3:59  Probe (Chrono Boost)  
  29  4:10  Probe (Chrono Boost)  
  29  4:20  Probe (Chrono Boost)  
  29  4:21  Fleet Beacon  
  30  4:25  Probe (Chrono Boost)  
  30  4:31  Probe (Chrono Boost)  
  32  4:35  Probe (Chrono Boost)  
  33  4:40  Stargate  
  33  4:41  Probe (Chrono Boost)  
  34  4:48  Pylon  
  34  4:52  Probe (Chrono Boost)  
  35  5:02  Probe (Chrono Boost)  
  34  5:13  Mothership Core (Chrono Boost)  
  34  5:14  Photon Cannon  
  36  5:16  Carrier  
  42  5:24  Photon Cannon  
  42  5:29  Probe (Chrono Boost)  
  43  5:36  Graviton Catapult  
  43  5:46  Assimilator  
  43  5:50  Pylon  
  43  5:57  Carrier, Pylon  
  49  6:05  Probe (Chrono Boost)  
  50  6:15  Probe (Chrono Boost)  
  51  6:20  Pylon  
  51  6:23  Stargate  
  51  6:26  Probe (Chrono Boost)  
  51  6:31  Robotics Facility  
  52  6:33  Photon Cannon  
  52  6:36  Probe (Chrono Boost)  
  52  6:37  Pylon  
  54  6:47  Probe (Chrono Boost)  
  54  6:52  Carrier  
  60  6:57  Probe (Chrono Boost)  
  61  7:06  Photon Cannon  
  61  7:11  Carrier  
  67  7:19  Probe (Chrono Boost)  
  68  7:29  Observer  
  69  7:39  Probe (Chrono Boost)  
  70  7:47  Carrier  
  76  8:03  Pylon  
  76  8:07  Photon Cannon  
  82  8:15  Photon Cannon  
  82  8:17  Pylon  
  82  8:19  Pylon  
  82  8:22  Pylon  
  82  8:30  Carrier  
  88  8:43  Pylon  
  88  8:48  Pylon  
  88  8:50  Observer  
  89  9:00  Carrier  
  95  9:10  Photon Cannon  
  95  9:11  Warp Prism  
  95  9:12  Photon Cannon  
  97  9:23  Carrier  
  103  9:37  Protoss Shields Level 1  
  103  9:43  Photon Cannon  
  103  9:45  Pylon  
  103  10:00  Carrier  
  109  10:30  Protoss Air Weapons Level 1  
  109  10:46  Carrier  
  115  11:02  Nexus  
  115  11:06  Pylon  
  115  11:09  Carrier  
  121  11:58  Photon Cannon  
  121  12:00  Pylon, Photon Cannon  
  121  12:02  Photon Cannon  
  121  12:03  Photon Cannon  
  121  12:04  Pylon  
  121  12:06  Carrier  
  127  12:24  Protoss Air Armor Level 1  
  127  13:20  Carrier  
  127  13:21  Carrier  
  139  13:32  Carrier  
  137  13:58  Mothership Core (Chrono Boost)  
  137  14:02  Photon Cannon  
  139  14:06  Probe (Chrono Boost)  
  140  14:17  Probe (Chrono Boost)  
  147  14:28  Probe (Chrono Boost)  
  149  14:38  Probe (Chrono Boost)  
  149  14:49  Probe (Chrono Boost)  
  150  16:24  Assimilator  
  150  16:26  Assimilator  
Tags
 
League
GoldGold
Matchup
PvP
Replay Pack
All Mines
Spawn Locations
Cross Positions
Add a new tag
Caveats
  • Supply blocks, unpowered buildings, or Contaminate may cause inaccurate times.
  • Supply counts are checked every 10 seconds.